[Event "Late-Titled-Tuesday-Blitz-March-19-2024"]
[Site "Chess.com"]
[Date "2024.03.19"]
[Round "2"]
[White "Sacbutt"]
[Black "GiorgianBarbosa"]
[Result "1/2-1/2"]
[WhiteElo "2316"]
[BlackElo "2529"]
[TimeControl "180+1"]
[EndTime "14:18:50 PDT"]
[Termination "Game drawn - insufficient material"]

1. d4 Nf6 2. c4 g6 3. Nc3 Bg7 4.
Nf3 O-O 5. g3 d6 6. Bg2 c5 7.
O-O Nc6 8. e3 Bd7 9. b3 a6 10.
Bb2 Rb8 11. d5 Na5 12. Rb1 b5 13. Qc2 bxc4 14. Ba1 cxb3 15. axb3 c4 16. b4 Nb3 17.
Rxb3 cxb3 18. Qxb3 a5 19. b5 Qb6 20. Rb1 Rfc8 21. Nd4 Kf8 22. Na4 Qc7 23. Nc6 Bxc6 24.
dxc6 d5 25. Bxd5 Nxd5 26. Bxg7+ Kxg7 27. Qxd5 Qd6 28. Qxd6 exd6 29. Rb2 Kf6 30. Kf1 Ke6 31. Ke2 h5 32. h4 d5 33. Kd3 Kd6 34. Kd4 Re8 35.
f3 Rec8 36. e4 dxe4 37. fxe4 f6 38. Kc4 Re8 39. Rd2+ Ke5 40. c7 Rec8 41. Rd5+ Kxe4 42. Nc5+ Kf3 43. cxb8=Q Rxb8 44. Rd6 Rf8 45. b6 Kxg3 46. b7 Kxh4 47. Rxf6 Rb8 48. Rxg6 a4 49. Ra6 Kg3 50.
Ra8 Rxb7 51. Nxb7 h4 52. Rxa4 h3 53. Nc5 h2 54. Ne4+ Kf3 55. Ra1 Kg2 56. Nf2 Kxf2 57.
Kd3 Kg2 58. Ke2 h1=Q 59. Rxh1 Kxh1 1/2-1/2

[Event "Late-Titled-Tuesday-Blitz-March-19-2024"]
[Site "Chess.com"]
[Date "2024.03.19"]
[Round "2"]
[White "Cambek64"]
[Black "carloseduar100"]
[Result "1/2-1/2"]
[WhiteElo "2498"]
[BlackElo "2258"]
[TimeControl "180+1"]
[EndTime "14:18:50 PDT"]
[Termination "Game drawn - insufficient material"]

1. e4 e6 2. d4 d5 3. Nd2 c5 4. exd5 Qxd5 5. Ngf3 cxd4 6. Bc4 Qd7 7. O-O Nc6 8. Nb3 Nf6 9. Nbxd4 Nxd4 10. Nxd4 a6 11. c3 Bd6 12. Qe2 b5 13. Bb3 Qc7 14. h3 O-O 15. Bg5 h6 16. Be3 Bb7 17. Rad1 Rfd8 18. a3 Bf8 19. Rfe1 Nd5 20. Bc1 Rac8 21. Qg4 Nf6 22.
Qh4 Bd5 23. Bxh6 Bxb3 24. Nxb3 Rxd1 25. Rxd1 Qc4 26. Nd4 Rc5 27. Bg5 Be7 28. Nf3 Qxh4 29. Bxh4 a5 30. Bg3 b4 31. cxb4 axb4 32. a4 Rc2 33. Be5 Nd5 34. a5 Bc5 35. Bd4 Bxd4 36.
Nxd4 Rxb2 37. Ra1 b3 38. a6 Ra2 39. Nxb3 Rxa1+ 40. Nxa1 Kf8 41. a7 Nc7 42. Nb3 Ke7 43.
Nc5 Kd6 44. Nb7+ Kd7 45. h4 Na8 46. g4 Kc7 47. Nc5 Kb6 48. Ne4 f5 49. gxf5 exf5 50. Ng3 g6 51. f4 Kxa7 52. Kf2 Kb6 53. Ke3 Kc6 54. Kd4 Kd6 55. h5 gxh5 56. Nxf5+ Ke6 57. Ng7+ Kf6 58. Nxh5+ Kf5 59. Ke3 Nc7 60. Kf3 Ne6 61. Ng3+ Kf6 62. Ne4+ Kf5 63. Nd6+ Kf6 64. f5 Nd4+ 65.
Ke4 Nxf5 1/2-1/2

[Event "Late-Titled-Tuesday-Blitz-March-19-2024"]
[Site "Chess.com"]
[Date "2024.03.19"]
[Round "2"]
[White "miraitrunks"]
[Black "rodp92"]
[Result "0-1"]
[WhiteElo "2173"]
[BlackElo "2487"]
[TimeControl "180+1"]
[EndTime "14:18:50 PDT"]
[Termination "rodp92 won by resignation"]

1. e4 c5 2. Nf3 e6 3. d4 cxd4 4. Nxd4 a6 5. c4 Nf6 6. Nc3 d6 7. Be2 Be7 8. O-O O-O 9. Be3 Nc6 10. Qd2 Bd7 11. Rfd1 Nxd4 12. Bxd4 Bc6 13. f3 Re8 14. Rac1 Rb8 15. Ba7 Rc8 16. Qe3 Nd7 17. Qf2 b6 18. e5 dxe5 19. Rxd7 Bxd7 20. Bxb6 Qxb6 21. Qxb6 Bc5+ 22.
Qxc5 Rxc5 23. Ne4 Rc7 24. b4 Bc6 25. Nc5 a5 26. Na6 Ra7 27. b5 Rc8 28. c5 Bb7 29. c6 Bxa6 30. bxa6 Kf8 31. Bb5 Ke7 32. a4 Rac7 33. Kf2 Kd6 34. Rd1+ Kc5 35. Rc1+ Kb6 36. Ke3 Rxc6 37. Bxc6 Rxc6 38. Rb1+ Kxa6 39. Rb5 f6 40. h4 Rc3+ 41. Ke4 Rc4+ 42. Ke3 Rxa4 43. Rb8 Rb4 44. Rg8 Rb7 45. Kd3 a4 46. Kc4 a3 47. Ra8+ Ra7 48. Rd8 a2 49. Rd1 Kb6 50. Ra1 Kc6 51. h5 h6 52. g3 Ra8 53. Kb4 f5 54. Kc4 Ra7 55.
Kb4 Kd6 56. Kc4 Ke7 57. Kc5 Kf6 58. Kd6 Ra6+ 59. Kd7 Ra3 60. f4 e4 61. g4 fxg4 0-1

[Event "Late-Titled-Tuesday-Blitz-March-19-2024"]
[Site "Chess.com"]
[Date "2024.03.19"]
[Round "2"]
[White "MetiForce"]
[Black "chess94cu"]
[Result "0-1"]
[WhiteElo "2907"]
[BlackElo "2646"]
[TimeControl "180+1"]
[EndTime "14:18:52 PDT"]
[Termination "chess94cu won on time"]

1. d4 Nf6 2. c4 d6 3. Nf3 Nbd7 4. Nc3 c6 5. g3 e5 6. Bg2 Be7 7. O-O O-O 8. e4 Re8 9. h3 exd4 10. Nxd4 Bf8 11.
Re1 a5 12. b3 Nc5 13. Qc2 h6 14. Be3 Qc7 15. Rad1 Be6 16. f4 Rad8 17. Bf2 Bc8 18. g4 g6 19. Kh1 Bg7 20. Bg3 Qb6 21. Bf2 Qc7 22. Nde2 Bxg4 23. hxg4 Nxg4 24. Bd4 Bxd4 25. Nxd4 d5 26. e5 dxc4 27. bxc4 Qe7 28. Nf3 Rxd1 29.
Nxd1 Rd8 30. Bh3 h5 31. Bxg4 hxg4 32. Ng5 Ne6 33. Nf2 Nxg5 34. fxg5 Qxg5 35. Rd1 Rxd1+ 36.
Qxd1 g3 37. Ng4 Kg7 38. Kg2 Qf4 39. Qf3 Qxc4 40. a3 Qd5 41. Qxd5 cxd5 42. Kxg3 b5 43.
Ne3 d4 44. Nd5 g5 45. Kf3 Kg6 46. Ke4 g4 47. Kxd4 Kf5 48. Ne7+ Kf4 49. Nd5+ Kf3 50. Ne3 b4 51. axb4 axb4 0-1

[Event "Late-Titled-Tuesday-Blitz-March-19-2024"]
[Site "Chess.com"]
[Date "2024.03.19"]
[Round "2"]
[White "BardArtem"]
[Black "picturesquecheck"]
[Result "1-0"]
[WhiteElo "2737"]
[BlackElo "2412"]
[TimeControl "180+1"]
[EndTime "14:18:52 PDT"]
[Termination "BardArtem won by checkmate"]

1. e4 c6 2. Nf3 d5 3. exd5 cxd5 4.
Ne5 Nc6 5. d4 Bd7 6. c3 e6 7.
Bd3 Bd6 8. f4 f6 9. Qh5+ g6 10.
Bxg6+ Ke7 11. Bxh7 Bxe5 12. fxe5 Be8 13. Qh4 Kd7 14. Qg3 Rxh7 15. Qxg8 Rf7 16. O-O Qe7 17. exf6 Rxf6 18. Rxf6 Qxf6 19. Qg5 Qxg5 20. Bxg5 Bg6 21. Nd2 Rg8 22. Bf4 Ne7 23. Nf3 Be4 24. Ne5+ Kc8 25. g3 Nf5 26. Rc1 b5 27. b3 a6 28. Kf2 Kb7 29. c4 Nxd4 30. cxd5 Bxd5 31. Nd3 Nf3 32. Rc7+ Ka8 33. h4 Nh2 34. Nb4 Ng4+ 35. Ke1 Bb7 36. Nd3 e5 37. Nxe5 Re8 38. Rc5 Nf6 39. Kd1 Ne4 40. Rc7 Rd8+ 41. Kc1 Rg8 42. h5 Nxg3 43. Bxg3 Rxg3 44. h6 Rh3 45. h7 Ka7 46.
Ng6 Kb6 47. Rxb7+ Kxb7 48. h8=Q Rxh8 49. Nxh8 Kc6 50. Ng6 Kc5 51. Kb2 a5 52. Nf4 a4 53.
bxa4 bxa4 54. Ka3 Kb5 55. Ne2 Ka5 56. Nc3 Ka6 57. Nxa4 Kb5 58. Nb2 Ka5 59. Kb3 Kb5 60.
a4+ Ka5 61. Ka3 Kb6 62. Kb4 Ka6 63. a5 Kb7 64. Kb5 Ka7 65. a6 Kb8 66. Kb6 Ka8 67.
Na4 Kb8 68. Nc3 Ka8 69. Nb5 Kb8 70. a7+ Ka8 71. Nc7# 1-0

[Event "Late-Titled-Tuesday-Blitz-March-19-2024"]
[Site "Chess.com"]
[Date "2024.03.19"]
[Round "2"]
[White "DrKerfuffle"]
[Black "karinachess1"]
[Result "1/2-1/2"]
[WhiteElo "2863"]
[BlackElo "2619"]
[TimeControl "180+1"]
[EndTime "14:18:53 PDT"]
[Termination "Game drawn - insufficient material"]

1. e4 e5 2. Qh5 Nc6 3. Bc4 g6 4. Qf3 Nf6 5. Ne2 Bg7 6. Nbc3 d6 7.
h3 Be6 8. d3 h6 9. g4 Qd7 10.
g5 Nh5 11. Nd5 O-O-O 12. gxh6 Bxh6 13. Bxh6 Rxh6 14. O-O-O Nd4 15. Nxd4 exd4 16. Kb1 c6 17. Nf6 Qe7 18. Ng4 Rh7 19. Rhe1 Rdh8 20. e5 d5 21. Bb3 Ng7 22. Qf4 Rxh3 23. Qxd4 R8h4 24. Rg1 Qd7 25. Qxa7 Rxg4 26. Qa8+ Kc7 27. Qa5+ Kb8 28. Rge1 Nf5 29. Qc5 Rh8 30. c3 d4 31. c4 Rg2 32.
Rd2 Qe7 33. Qb6 Rhh2 34. Ree2 Ng3 35. Re1 Rxf2 36. Rxf2 Rxf2 37. Qxd4 Rh2 38. Qf4 Qh4 39.
Qe3 Rh1 40. a4 Nf5 41. Rxh1 Qxh1+ 42. Qc1 Qxc1+ 43. Kxc1 Nd4 44. Bd1 g5 45. Kd2 c5 46.
Ke3 b6 47. b4 Nc6 48. bxc5 bxc5 49. Bf3 Nxe5 50. Bd5 Bxd5 51. cxd5 f5 52. a5 Ka7 53. d4 cxd4+ 54. Kxd4 Nd7 55. d6 Ka6 56. Kd5 Kxa5 57. Ke6 Nb6 58. Kxf5 Kb5 59. Kxg5 Kc6 60. d7 Kxd7 1/2-1/2

[Event "Late-Titled-Tuesday-Blitz-March-19-2024"]
[Site "Chess.com"]
[Date "2024.03.19"]
[Round "2"]
[White "mind1mover"]
[Black "xasid81"]
[Result "0-1"]
[WhiteElo "2809"]
[BlackElo "2605"]
[TimeControl "180+1"]
[EndTime "14:18:54 PDT"]
[Termination "xasid81 won by resignation"]

1. e4 d5 2. exd5 Qxd5 3. Nc3 Qa5 4. d4 c6 5. Nf3 Bf5 6. Bc4 e6 7. O-O Nf6 8. Bd2 Qc7 9. Ne5 Nbd7 10. Qe2 Nxe5 11. dxe5 Nd7 12. Bf4 Be7 13. Ne4 Bxe4 14.
Qxe4 Nb6 15. Bd3 Nd5 16. Bd2 g6 17. Bh6 Bf8 18. Bxf8 Kxf8 19. c4 Nb6 20. Rad1 Kg7 21. h4 h5 22. Be2 Rad8 23. g3 Rxd1 24. Rxd1 Rd8 25. Rd4 Na4 26. Qf4 Rxd4 27. Qxd4 c5 28. Qf4 Qe7 29. Qd2 Qc7 30. b3 Nb6 31. Qg5 Nd7 32. f4 Qa5 33. Kf2 Qxa2 34. Qe7 Nf8 35. Qxc5 Qxb3 36. Qxa7 b6 37. Qe7 Qb2 38. Qd6 Qb3 39.
g4 hxg4 40. Bxg4 Qxc4 41. Kg3 Qc3+ 42. Bf3 Qc5 43. Qd2 b5 44. h5 gxh5 45. Bxh5 Ng6 46.
Bxg6 Kxg6 47. Kf3 Qd5+ 48. Qxd5 exd5 49. Kg4 b4 50. f5+ Kh6 51. Kf4 b3 52. Ke3 d4+ 53. Kd3 Kg5 54. e6 fxe6 55. fxe6 Kf6 56. Kxd4 b2 57.
e7 Kxe7 58. Kc3 b1=Q 0-1

[Event "Late-Titled-Tuesday-Blitz-March-19-2024"]
[Site "Chess.com"]
[Date "2024.03.19"]
[Round "2"]
[White "ckgchess"]
[Black "czasnaszachy"]
[Result "1-0"]
[WhiteElo "2931"]
[BlackElo "2432"]
[TimeControl "180+1"]
[EndTime "14:18:54 PDT"]
[Termination "ckgchess won on time"]

1. e4 c5 2. c3 Nf6 3. e5 Nd5 4. d4 cxd4 5. Bc4 Nb6 6. Bb3 Nc6 7. cxd4 d5 8. Bc2 Nb4 9. Nc3 Nxc2+ 10. Qxc2 Bg4 11.
f3 Bh5 12. Nge2 Bg6 13. Qb3 e6 14. h4 h6 15. Nf4 Bh7 16. Be3 Be7 17. Qb5+ Qd7 18.
Rc1 Nc4 19. Kf2 a6 20. Qxd7+ Kxd7 21. b3 Nxe3 22. Kxe3 Ba3 23. Rcd1 Rac8 24. Na4 Rc6 25. Nd3 b6 26. Rh3 Rhc8 27. Rg3 Bxd3 28. Kxd3 g6 29. h5 g5 30. f4 b5 31. Nc5+ Bxc5 32. dxc5 gxf4 33.
Rg7 Rxc5 34. Rxf7+ Ke8 35. Rxf4 Rc3+ 36. Ke2 Rg3 37. Kf2 Rg5 38. g4 Rc2+ 39. Kg3 Rxe5 40.
Rf6 Re3+ 41. Kf4 Rf2+ 42. Kxe3 Rxf6 43. Rc1 Kd7 44. Rg1 Kd6 45. g5 hxg5 46. Rxg5 Rh6 47.
Kd4 Rf6 48. Kc3 e5 49. Kb4 e4 50. Rg8 e3 51. Kc3 Re6 52. Rg1 e2 53. Re1 1-0

[Event "Late-Titled-Tuesday-Blitz-March-19-2024"]
[Site "Chess.com"]
[Date "2024.03.19"]
[Round "2"]
[White "Bkmzzzzz"]
[Black "azikom"]
[Result "0-1"]
[WhiteElo "2390"]
[BlackElo "2607"]
[TimeControl "180+1"]
[EndTime "14:18:54 PDT"]
[Termination "azikom won on time"]

1. e4 c6 2. d4 d5 3. Nc3 dxe4 4.
Nxe4 Bf5 5. Nc5 Qc8 6. Bd3 Bxd3 7. Qxd3 e6 8. Be3 Nf6 9. Nf3 Be7 10.
O-O O-O 11. h3 Rd8 12. Ne4 Nbd7 13. c4 Nxe4 14. Qxe4 Nf8 15. Rfd1 a5 16. Rac1 Qd7 17.
a3 Bf6 18. Bg5 Bxg5 19. Nxg5 h6 20. Nf3 a4 21. Ne5 Qe7 22. Rd3 Ra5 23. Rcd1 Nd7 24.
g3 Nxe5 25. dxe5 Rxd3 26. Rxd3 Qg5 27. f4 Qe7 28. Rd6 g6 29. Qd4 Kg7 30. Rd7 Qc5 31.
Qxc5 Rxc5 32. Rxb7 Rxc4 33. Kf2 g5 34. fxg5 hxg5 35.
Rb6 c5 36. Rb5 Kg6 37. g4 Rc2+ 38. Ke3 c4 39. Kd4 f6 40. exf6 Kxf6 41. Rb4 e5+ 42. Ke4 Re2+ 43. Kd5 e4 44. Rb6+ Kf7 45. Kxc4 Rh2 46. Kd4 Re2 47. Rb5 Kf6 48. Rf5+ Kg6 49. Re5 Rxb2 50. Rxe4 Rb3 51. Re3 Rb2 52. Kc4 Kf6 53.
Kc5 Rb3 54. Re4 Rxa3 55. Kd5 Rd3+ 56. Kc5 Rxh3 57. Rxa4 Ke5 58. Kc6 Rd3 59. Kc5 Rc3+ 60. Kb5 Rc1 61. Rb4 Rf1 62. Kc6 Rf4 0-1

[Event "Late-Titled-Tuesday-Blitz-March-19-2024"]
[Site "Chess.com"]
[Date "2024.03.19"]
[Round "2"]
[White "masnyszachistaaa"]
[Black "rhwr"]
[Result "1-0"]
[WhiteElo "2555"]
[BlackElo "2324"]
[TimeControl "180+1"]
[EndTime "14:18:55 PDT"]
[Termination "masnyszachistaaa won by resignation"]

1. c4 Nf6 2. Nc3 e6 3. d4 c5 4. Nf3 cxd4 5. Nxd4 Nc6 6. g3 Bb4 7. Bg2 O-O 8. O-O a6 9. Nc2 Be7 10. b3 d6 11. Bb2 Bd7 12. Rc1 Rb8 13.
Ba3 Be8 14. Qd2 b5 15. cxb5 axb5 16. Nb4 Nxb4 17. Bxb4 d5 18. Bxe7 Qxe7 19. e3 Bd7 20. Ne2 Rfc8 21. Rxc8+ Rxc8 22. Rc1 Ra8 23. Nf4 Qd6 24.
Nd3 Ne4 25. Qb2 f5 26. Ne5 Be8 27. Bf1 b4 28. Rc2 Nc3 29. Nd3 Rxa2 30. Qc1 Rxc2 31. Qxc2 e5 32. Qc1 Bb5 33. Qa1 h6 34. Qa8+ Kh7 35.
Qb7 d4 36. Qf7 Qf6 37. Qxf6 gxf6 38. Nxb4 Ne2+ 39. Bxe2 Bxe2 40. exd4 exd4 41. f4 d3 42. Kf2 Kg6 43. Ke3 Kf7 44. Nxd3 Bf1 45. b4 Ke6 46.
Kd4 Kd6 47. Nb2 Kc6 48. Nd1 Bb5 49. Ne3 h5 50. Nxf5 Bf1 51. Ng7 h4 52. gxh4 Kb5 53.
Nh5 f5 54. Ng3 Bc4 55. Nxf5 Bf7 56. Nd6+ Kxb4 57. Nxf7 1-0

[Event "Late-Titled-Tuesday-Blitz-March-19-2024"]
[Site "Chess.com"]
[Date "2024.03.19"]
[Round "2"]
[White "bipe137"]
[Black "trriinu"]
[Result "1-0"]
[WhiteElo "2525"]
[BlackElo "2287"]
[TimeControl "180+1"]
[EndTime "14:18:56 PDT"]
[Termination "bipe137 won on time"]

1. d4 d5 2. c4 e5 3. dxe5 d4 4. Nf3 Nc6 5. Nbd2 Nge7 6. Nb3 Ng6 7. Nbxd4 Ncxe5 8. Nxe5 Nxe5 9. e3 Bg4 10. Be2 Bb4+ 11. Bd2 Bxe2 12. Qxe2 Bxd2+ 13. Qxd2 c5 14. Nb5 Qxd2+ 15.
Kxd2 O-O-O+ 16. Kc3 Rd3+ 17. Kc2 Rhd8 18. Rad1 Rxd1 19.
Rxd1 Rxd1 20. Kxd1 Nxc4 21. b3 Ne5 22. Nxa7+ Kb8 23.
Nb5 Ng4 24. Ke2 f5 25. Nd6 g6 26. h3 Ne5 27. Nc4 Nc6 28. g4 fxg4 29. hxg4 Kc7 30.
g5 b5 31. Nd2 Nb4 32. a3 Nc2 33. a4 bxa4 34. bxa4 Kb6 35. Nc4+ Kc6 36. Kd3 Nb4+ 37. Ke4 Nd5 38. Ke5 Nc3 39. Kf6 Nxa4 40. Kg7 Kd5 41.
Na3 c4 42. Kxh7 c3 43. Kxg6 Nb6 44. f4 Nc4 45. Nc2 Ke4 46. f5 Nxe3 47. Nxe3 Kxe3 48.
f6 c2 49. f7 c1=Q 50. f8=Q Qc6+ 51. Qf6 Qc2+ 52. Kg7 Qg2 53. g6 Qb7+ 54. Qf7 Qc6 55. Kg8 Qc8+ 56. Kh7 Qh3+ 57. Kg7 Ke2 58. Qe7+ 1-0

[Event "Late-Titled-Tuesday-Blitz-March-19-2024"]
[Site "Chess.com"]
[Date "2024.03.19"]
[Round "2"]
[White "Kimkibo"]
[Black "JoakimVonAnd"]
[Result "0-1"]
[WhiteElo "2275"]
[BlackElo "2710"]
[TimeControl "180+1"]
[EndTime "14:18:58 PDT"]
[Termination "JoakimVonAnd won on time"]

1. d4 d5 2. Nf3 Nf6 3. Bf4 h6 4. e3 e6 5. Nbd2 Nh5 6. Be5 Nc6 7.
Bd3 Nxe5 8. Nxe5 Nf6 9. f4 Bd6 10. O-O a6 11. c3 c5 12. Bc2 Qc7 13. Rf3 b6 14. Rg3 g5 15. fxg5 hxg5 16. Rxg5 Nd7 17. Ndf3 Bb7 18. h3 Nxe5 19. dxe5 Be7 20. Rg7 Bf8 21.
Rg4 O-O-O 22. Qe2 Bh6 23. Bd3 c4 24. Bc2 Rdg8 25. Rxg8+ Rxg8 26. e4 Bf4 27. exd5 Bxd5 28. Be4 Qc5+ 29. Kh1 Kb8 30. Bxd5 exd5 31. e6 Re8 32.
Nd4 fxe6 33. Qh5 Re7 34. Rf1 Bc7 35. Rf8+ Kb7 36. Rh8 Qd6 37. Nf3 e5 38. Qf5 Rd7 39. Qf8 Qxf8 40. Rxf8 e4 41. Nd4 Be5 42. Re8 Bc7 43.
g4 Rf7 44. g5 Rf2 45. g6 Rf1+ 46. Kg2 Rf6 47. Rg8 Be5 0-1

[Event "Late-Titled-Tuesday-Blitz-March-19-2024"]
[Site "Chess.com"]
[Date "2024.03.19"]
[Round "2"]
[White "colegiodemadrid"]
[Black "Heydarli77"]
[Result "0-1"]
[WhiteElo "2548"]
[BlackElo "2356"]
[TimeControl "180+1"]
[EndTime "14:18:59 PDT"]
[Termination "Heydarli77 won by resignation"]

1. e4 c5 2. Nf3 e6 3. d4 cxd4 4. Nxd4 a6 5. Nc3 Qc7 6. g3 b5 7.
Bg2 Bb7 8. O-O Nf6 9. Re1 d6 10. a4 bxa4 11. Rxa4 Be7 12. Qe2 Nbd7 13. Rc4 Qa5 14.
e5 Nd5 15. exd6 Nxc3 16. Rxc3 Bxg2 17. Kxg2 Qd5+ 18. Rf3 Qxd6 19. Rd3 Nc5 20. Rdd1 O-O 21. Kg1 Qc7 22. Nf5 exf5 23. Qxe7 Rac8 24. Qxc7 Rxc7 25. Bf4 Rc6 26. Bd6 Rfc8 27. Bxc5 Rxc5 28. c3 g6 29. Rd6 R5c6 30. Re8+ Kg7 31. Rxc8 Rxd6 32. Rb8 g5 33. Kg2 g4 34. Rb4 Rd5 35. c4 Rd2 36.
b3 Rc2 37. Rb6 Rc3 38. Kf1 a5 39. Rb5 Kg6 40. Ke2 a4 41. bxa4 Rxc4 42. a5 Rc2+ 43.
Ke3 Ra2 44. Rb6+ f6 45. a6 h5 46. Kd4 Kg5 47. Kc5 Rxf2 48. a7 Ra2 49. Rb7 f4 50.
gxf4+ Kxf4 51. Rb4+ Ke5 52. Kb6 Rxa7 53. Kxa7 f5 54.
Kb6 f4 55. Kc5 g3 56. hxg3 fxg3 57. Rb2 h4 58. Kc4 Ke4 59. Re2+ Kf3 60. Re8 h3 61. Kd3 h2 62. Rf8+ Kg2 63. Rh8 h1=Q 64. Rxh1 Kxh1 0-1

[Event "Late-Titled-Tuesday-Blitz-March-19-2024"]
[Site "Chess.com"]
[Date "2024.03.19"]
[Round "2"]
[White "Eloist"]
[Black "JiiHart"]
[Result "1/2-1/2"]
[WhiteElo "2488"]
[BlackElo "2210"]
[TimeControl "180+1"]
[EndTime "14:18:59 PDT"]
[Termination "Game drawn by stalemate"]

1. e4 c5 2. Nf3 Nc6 3. Bb5 e6 4. Bxc6 bxc6 5. d3 Ne7 6. Qe2 Ng6 7. h4 h5 8. e5 Be7 9. Qe4 Rb8 10. b3 Rb4 11. c4 d5 12. Qe2 Qc7 13. Nc3 f6 14.
O-O Nxe5 15. Nxe5 Qxe5 16. Qxe5 fxe5 17. Bg5 Bf6 18. Rae1 Kf7 19. Na4 Rxa4 20. bxa4 Ba6 21. Rc1 e4 22. Bxf6 gxf6 23. dxe4 Bxc4 24. Rfe1 Rg8 25. Rb1 Rg4 26. f3 Rxh4 27. Kf2 Kg6 28. Kg3 Kg5 29. Rb8 dxe4 30. Rg8+ Kf5 31. Kxh4 exf3 32. gxf3 e5 33. Kg3 Bxg8 34. Rc1 Bxa2 35. Rxc5 Bd5 36. Ra5 e4 37. fxe4+ Kxe4 38. Rxa7 f5 39.
Re7+ Kd4 40. a5 c5 41. a6 c4 42. a7 c3 43. Rd7 c2 44. Rxd5+ Kxd5 45. a8=Q+ Kd4 46.
Qa1+ Kd3 47. Qc1 Kc3 48. Kh4 f4 49. Kxh5 f3 50. Kg4 f2 51. Kg3 f1=Q 52. Qxf1 Kb2 53. Qb5+ Ka1 54. Qc4 Kb1 55. Qb4+ Ka1 56. Qc3+ Kb1 57.
Qb3+ Ka1 58. Qxc2 1/2-1/2

[Event "Late-Titled-Tuesday-Blitz-March-19-2024"]
[Site "Chess.com"]
[Date "2024.03.19"]
[Round "2"]
[White "Der_Balak_3Halak"]
[Black "bubeliang"]
[Result "0-1"]
[WhiteElo "2413"]
[BlackElo "2793"]
[TimeControl "180+1"]
[EndTime "14:19:00 PDT"]
[Termination "bubeliang won by resignation"]

1. e4 c6 2. d4 d5 3. exd5 cxd5 4.
Nf3 Nc6 5. Bb5 e6 6. O-O Bd6 7. c4 Nf6 8. Bg5 O-O 9. cxd5 exd5 10. Nc3 Be7 11. Re1 Bg4 12. Bxc6 bxc6 13. h3 Bh5 14. Qd3 Bg6 15. Qe2 Ne4 16. Bxe7 Qxe7 17. Ne5 Qd6 18. Nxe4 Bxe4 19. Rac1 Rac8 20. a3 c5 21. Qe3 Rfe8 22. Nd3 c4 23. Nc5 f6 24. f3 Bg6 25. Qd2 h6 26. Re3 Rxe3 27. Qxe3 Rb8 28. Qd2 Qb6 29. b3 cxb3 30. Nd7 Qb7 31. Nxb8 b2 32. Nc6 bxc1=Q+ 33. Qxc1 Kh7 34. Qc5 Be8 35. Nb4 Bf7 36. Qc6 Qe7 37. Nxd5 Qxa3 38. Nc3 Qc1+ 39. Kh2 Qf4+ 40. Kg1 Qxd4+ 41.
Kh2 a5 42. Na4 Bb3 43. Nc5 a4 44. Nxb3 axb3 45. Qb7 b2 46. Kg3 Qe5+ 47. Kf2 f5 48. Qb3 Qd4+ 49. Kg3 Qd2 50. Qb5 Qe1+ 51. Kh2 b1=Q 52.
Qxf5+ Qxf5 0-1

[Event "Late-Titled-Tuesday-Blitz-March-19-2024"]
[Site "Chess.com"]
[Date "2024.03.19"]
[Round "2"]
[White "Adar_07"]
[Black "Bastiandash"]
[Result "1-0"]
[WhiteElo "2858"]
[BlackElo "2602"]
[TimeControl "180+1"]
[EndTime "14:19:05 PDT"]
[Termination "Adar_07 won by resignation"]

1. d4 Nf6 2. Bf4 d6 3. e3 g6 4. c3 Bg7 5. h3 O-O 6. Nd2 Nc6 7.
Bd3 e5 8. Bh2 Re8 9. Ne2 Be6 10.
O-O Qd7 11. dxe5 dxe5 12. Ne4 Nxe4 13. Bxe4 Rad8 14. Qxd7 Rxd7 15. Rfd1 Red8 16. Rxd7 Rxd7 17. Kf1 Rd2 18. b3 f5 19. Bxc6 bxc6 20. Ke1 Rb2 21. Nc1 Bd5 22. Nd3 Rc2 23. Bxe5 Be4 24. Bxg7 Bxd3 25.
Bd4 Re2+ 26. Kd1 Rxf2 27. c4 c5 28. Be5 Rxg2 29. Kc1 Rc2+ 30. Kd1 Rg2 31. Kc1 Kf7 32. Bxc7 Ke6 33. a4 a6 34. a5 Rc2+ 35. Kd1 Rg2 36. Ra3 g5 37. Kc1 h5 38. b4 Bxc4 39. bxc5 g4 40.
hxg4 fxg4 41. Ra4 Bd5 42. e4 Bc6 43. Rd4 Bb5 44. c6 Ke7 45. Bd8+ Ke8 46. c7 Bd7 47. Rd5 h4 48. Re5+ Kf8 49. Bxh4 Rg1+ 50. Kb2 Rg2+ 51. Kc3 Re2 52. Rf5+ Bxf5 53. exf5 Re8 54. Bd8 g3 55. c8=Q g2 56. Qc4 Re3+ 57. Kd2 Rg3 58. Bb6 g1=Q 59.
Bxg1 Rg2+ 1-0

[Event "Late-Titled-Tuesday-Blitz-March-19-2024"]
[Site "Chess.com"]
[Date "2024.03.19"]
[Round "2"]
[White "Mr_Heisenberg13"]
[Black "DryCounty"]
[Result "0-1"]
[WhiteElo "2937"]
[BlackElo "2659"]
[TimeControl "180+1"]
[EndTime "14:19:06 PDT"]
[Termination "DryCounty won by resignation"]

1. e4 e5 2. Nf3 Nc6 3. Bc4 Nf6 4.
d3 Be7 5. O-O O-O 6. a4 d6 7.
Nc3 Na5 8. Ba2 c5 9. Bg5 Nc6 10. Bxf6 Bxf6 11. Nd5 Be6 12. c3 g6 13. Qd2 Bg7 14. b4 b6 15. h3 Ne7 16. Ne3 Bh6 17. Qb2 Qd7 18. Rfe1 Rac8 19. Bxe6 Qxe6 20. d4 cxd4 21.
cxd4 exd4 22. Nxd4 Bg7 23. Nxe6 Bxb2 24. Nxf8 Bxa1 25.
Nxg6 hxg6 26. Rxa1 Rc3 27. b5 Kg7 28. Rd1 Ra3 29.
Rxd6 Rxa4 30. Rd7 Kf8 31. f3 Ke8 32. Rb7 Nc8 33. Nd5 Nd6 34. Re7+ Kf8 35. Rd7 Nxb5 36. e5 Rd4 37. f4 a5 38. Nxb6 Rxf4 39. Nc8 a4 40.
Nd6 Nc3 41. Ra7 Ne2+ 42. Kh2 Nc3 43. g3 Rf2+ 44. Kg1 Re2 45. Rxf7+ Kg8 46. Ra7 Rxe5 47. Kf2 Rd5 48. Nf7 Rf5+ 49. Ke3 Rxf7 50. Ra8+ Kg7 51. Kd3 Rc7 52. Ra6 Nd5 53. Rxa4 Nf6 54. Ke2 Rd7 55. Kf2 Re7 56. Ra2 Re4 57. Kg2 Rb4 58. Rf2 Rb3 59.
Re2 Nh5 60. g4 Nf4+ 61. Kf2 Nxe2 0-1

[Event "Late-Titled-Tuesday-Blitz-March-19-2024"]
[Site "Chess.com"]
[Date "2024.03.19"]
[Round "2"]
[White "djano"]
[Black "ContrVersia"]
[Result "0-1"]
[WhiteElo "2630"]
[BlackElo "2921"]
[TimeControl "180+1"]
[EndTime "14:19:08 PDT"]
[Termination "ContrVersia won by resignation"]

1. e4 c5 2. Nc3 Nc6 3. f3 g6 4.
Bc4 Bg7 5. Nge2 e6 6. a3 Nge7 7. Ba2 d5 8. d3 b5 9. Bg5 h6 10. Bh4 b4 11. axb4 cxb4 12. Na4 O-O 13. O-O a5 14.
Kh1 Ba6 15. Qe1 Bb5 16. Bb3 g5 17. Bg3 Bxa4 18. Rxa4 Bxb2 19. f4 f5 20. fxg5 hxg5 21. exd5 exd5 22. Ng1 f4 23. Bf2 Qd6 24. Nf3 Bf6 25.
d4 Kg7 26. h3 Nf5 27. Qd2 Rae8 28. Re1 Rxe1+ 29. Qxe1 Rf7 30. Ra1 Re7 31. Qd2 Re4 32. c4 dxc4 33. Bc2 Rxd4 34. Nxd4 Nfxd4 35. Be4 c3 36. Qd1 Qe6 37. Bd3 b3 38. Qh5 c2 39. Qg6+ Kf8 40. Re1 Ne5 41. Qh6+ Bg7 42. Qxg5 Ndc6 43.
Bc5+ Kf7 44. Qh5+ Kg8 45. Bf5 Qf6 46. Qe8+ Bf8 47. Be6+ Kg7 48. Bd4 Qe7 49. Qh5 Qf6 50. Rxe5 Nxe5 51. Bxe5 c1=Q+ 52. Kh2 f3 53. Qg5+ Kh7 54.
Bxf6 Qxg5 55. Bxg5 f2 56. Bc4 b2 57. Bd3+ Kg8 58.
Be3 b1=Q 59. Bc4+ Kg7 60. Bd4+ Kg6 61. Bd3+ Qxd3 0-1

[Event "Late-Titled-Tuesday-Blitz-March-19-2024"]
[Site "Chess.com"]
[Date "2024.03.19"]
[Round "2"]
[White "SocoLoco"]
[Black "SergioMoralesG"]
[Result "0-1"]
[WhiteElo "2153"]
[BlackElo "2481"]
[TimeControl "180+1"]
[EndTime "14:19:11 PDT"]
[Termination "SergioMoralesG won by checkmate"]

1. e4 c5 2. Nf3 e6 3. d3 Nc6 4.
Nbd2 g6 5. g3 Bg7 6. Bg2 Nge7 7.
O-O O-O 8. c3 d6 9. a4 b6 10.
Nh4 Bb7 11. f4 f5 12. Qe2 Qd7 13. Re1 Rae8 14. Nf1 e5 15. Qc2 fxe4 16. dxe4 exf4 17. gxf4 Kh8 18. Nf3 d5 19. e5 Nf5 20. Ng3 Nce7 21. Nd2 Nxg3 22. hxg3 Qg4 23. Nf1 g5 24. Qe2 Qxe2 25.
Rxe2 gxf4 26. gxf4 Ng6 27. Rf2 Bh6 28. c4 Bxf4 29.
cxd5 Bxe5 30. Rxf8+ Rxf8 31. Bh6 Bd4+ 32. Kh2 Rd8 33. Re1 Bxb2 34. Ne3 Bg7 35. Bg5 Rf8 36.
Ng4 h5 37. Nh6 Bxh6 38. Bxh6 Rd8 39. Re6 Kh7 40. Be3 Bxd5 41. Bh3 Bxe6 42. Bxe6 Re8 43. a5 Rxe6 44. axb6 axb6 45. Bg5 Re2+ 46. Kg3 Rc2 47. Bd8 Rc4 48. Bxb6 Rg4+ 49. Kh3 c4 50. Bd4 Kg8 51.
Kh2 Kf7 52. Bc3 Ke6 53. Bb4 Kf5 54. Bc3 Nf4 55. Bg7 Rxg7 56. Kh1 Ne2 57. Kh2 Kf4 58. Kh3 Rg3+ 59. Kh2 Kg4 60. Kh1 Nf4 61. Kh2 Kh4 62. Kh1 Rd3 63. Kh2 Rd2+ 64. Kg1 Kg3 65. Kf1 Rd1# 0-1